 Dungeon Crawl Stone Soup version 0.26.0-45-g9c1d065592 (webtiles) character file.

Game seed: 7661948015294206986

448 thiole the Stinger (level 7, -2/41 HPs)
             Began as an Octopode Venom Mage on Jan 27, 2021.
             Was an Initiate of Gozag.
             Shot with an arrow by a centaur (9 damage)
             ... on level 5 of the Dungeon.
             The game lasted 00:06:53 (5983 turns).

thiole the Stinger (Octopode Venom Mage)            Turns: 5983, Time: 00:06:54

Health: -2/41      AC:  1    Str:  8    XL:     7   Next: 4%
Magic:  5/14       EV: 13    Int: 19    God:    Gozag
Gold:   227        SH:  0    Dex: 12    Spells: 7/15 levels left

rFire    . . .     SeeInvis .   n - +3 club (spect)
rCold    . . .     Faith    .   (no shield)
rNeg     . . .     Spirit   .   (helmet restricted)
rPois    .         Reflect  .   (no amulet)
rElec    .         Harm     .   (no ring)
rCorr    .         Rampage  .   (no ring)
Will     .....                  (no ring)
Stlth    +++.......             (no ring)
HPRegen  0.13/turn              (no ring)
MPRegen  0.14/turn              (no ring)
                                (no ring)
                                (no ring)

@: radiating poison, gold aura
A: almost no armour, stealthy swim, amphibious, 8 rings, constrict 8, camouflage
1, gelatinous body 1
a: Renounce Religion, Potion Petition, Call Merchant, Bribe Branch


You were on level 5 of the Dungeon.
You worshipped Gozag.
Gozag was aware of your devotion.
You visited 2 branches of the dungeon, and saw 6 of its levels.

You collected 296 gold pieces.
You paid 69 gold pieces to Gozag.

Inventory:

Hand Weapons
 n - a +3 spectral club (weapon)
Wands
 l - a wand of polymorph (6)
Scrolls
 b - a scroll of remove curse {unknown}
 d - 3 scrolls of identify {unknown}
 g - a scroll of enchant armour {unknown}
 h - 2 scrolls of blinking {unknown}
 i - a scroll of random uselessness {unknown}
 j - 2 scrolls of fear {unknown}
 k - 2 scrolls of enchant weapon {unknown}
 m - a scroll of magic mapping {unknown}
Potions
 a - 2 potions of heal wounds {unknown}
 c - 3 potions of lignification
 e - a potion of curing {unknown}
 f - a potion of flight {unknown}
 o - a potion of resistance {unknown}
 p - a potion of haste {unknown}
 q - a potion of attraction {unknown}
 r - a potion of berserk rage {unknown}


   Skills:
 - Level 0.2 Fighting
 - Level 2.0 Dodging
 - Level 2.6 Stealth
 * Level 4.9 Spellcasting
 + Level 2.1 Transmutations
 - Level 3.0 Fire Magic
 * Level 5.1 Poison Magic


You had 7 spell levels left.
You knew the following spells:

 Your Spells              Type           Power        Failure   Level
a - Sting                 Tmut/Pois      72%          2%          1
b - Olgreb's Toxic Radia  Pois           24%          16%         4
c - Ignite Poison         Fire/Tmut/Pois 17%          9%          3

Your spell library contained the following spells:

 Spells                   Type           Power        Failure   Level
 Poisonous Vapours        Pois/Air       28%          7%          2
 Mephitic Cloud           Conj/Pois/Air  11%          19%         3
 Confusing Touch          Hex            4%           36%         3
 Gell's Gravitas          Tloc           2%           36%         3
 Petrify                  Tmut/Erth      8%           63%         4
 Yara's Violent Unravell  Hex/Tmut       4%           92%         5
 Metabolic Englaciation   Hex/Ice        2%           98%         5


Dungeon Overview and Level Annotations

Branches:
Dungeon (5/15)             Temple (1/1) D:4

Altars:
Ashenzari
Cheibriados
Dithmenos
Fedhas
Gozag
Hepliaklqana
Nemelex Xobeh
Okawaru
Qazlal
Trog
Uskayaw
Wu Jian
Yredelemnul
Zin


Innate Abilities, Weirdness & Mutations

You cannot wear most types of armour.
You are very stealthy in the water. (Stealth+)
You are amphibious.
You can wear up to eight rings at the same time.
You can use your tentacles to constrict eight enemies at once.
Your skin changes colour to match your surroundings (Stealth+).
Your rubbery body absorbs attacks. (AC +1, EV +1)


Message History

Aim: a howler monkey (almost dead, very poisoned, 29% to evade)
The sting hits the howler monkey.
The howler monkey looks as sick as possible!
You kill the howler monkey!
You have reached level 7!
A centaur comes into view.
Your magical contamination has completely faded away.
A centaur is nearby!
The centaur wields a +0 shortbow.
The centaur shoots an arrow.
The arrow hits you!
You see here an arrow.
Casting: Sting (safe; 2% risk of failure)
Confirm with . or Enter, or press ? or * to list all spells.
The spell is quite dangerous to cast (16% risk of failure)!
Continue anyway?
You begin to radiate toxic energy.
The centaur is poisoned.
The centaur shoots an arrow.
The arrow hits you!!
* * * LOW HITPOINT WARNING * * *
The centaur shoots an arrow.
The arrow hits you!
You die...
Your body crumbles into a pile of gold.

#.....#
#.....#
#.....#
#.....#
#.....#
#....$#
#.....# $
#.$...###+#
#.@.....$..
#<.........
#..........
#..$.......
#..........
#.......c..
#..........
#..........
#########..


You could see a centaur (poisoned).

Vanquished Creatures
  A bullfrog (D:3)
  A scorpion (D:4)
  A howler monkey (D:5)
  A hound (D:4)
  Ijyb (D:3)
  Terence (D:2)
  2 orc wizards (D:4)
  A hound skeleton (D:4)
  3 adders
  A shadow imp (D:3)
  An ooze (D:1)
  7 worms
  2 dart slugs
  5 leopard geckos
  3 orcs (D:4)
  A ball python (D:3)
  7 bats
  10 giant cockroaches
  10 goblins
  3 hobgoblins
  5 jackals (D:3)
  A quokka (D:2)
  8 frilled lizards
  12 kobolds
  8 rats
96 creatures vanquished.

Vanquished Creatures (others)
  12 plants (D:4)
12 creatures vanquished.

Grand Total: 108 creatures vanquished

Notes
Turn   | Place    | Note
-------+----------+-------------------------------------------
     0 | D:1      | thiole the Octopode Venom Mage began the quest for the Orb.
     0 | D:1      | Reached XP level 1. HP: 11/11 MP: 3/3
    72 | D:1      | Reached skill level 4 in Poison Magic
   245 | D:1      | Reached XP level 2. HP: 17/17 MP: 1/5
   766 | D:1      | Reached XP level 3. HP: 21/21 MP: 3/6
   822 | D:1      | Reached skill level 5 in Poison Magic
   930 | D:1      | You fall into a shaft and drop 1 floor!
  1128 | D:2      | Reached skill level 1 in Fire Magic
  1631 | D:2      | Reached XP level 4. HP: 27/27 MP: 5/7
  1657 | D:2      | Noticed Terence
  1680 | D:2      | Killed Terence
  2211 | D:2      | Learned a level 4 spell: Olgreb's Toxic Radiance
  3238 | D:3      | Reached XP level 5. HP: 28/31 MP: 1/8
  4355 | D:3      | Reached XP level 6. HP: 36/36 MP: 8/11
  4465 | D:3      | Noticed Ijyb
  4600 | D:3      | Killed Ijyb
  4886 | D:3      | Learned a level 3 spell: Ignite Poison
  5193 | D:4      | Found a staircase to the Ecumenical Temple.
  5213 | Temple   | Entered the Ecumenical Temple
  5220 | Temple   | Became a worshipper of Gozag Ym Sagoz the Greedy
  5971 | D:5      | Entered Level 5 of the Dungeon
  5981 | D:5      | Reached XP level 7. HP: 40/41 MP: 8/14
  5983 | D:5      | Shot with an arrow by a centaur

Illustrated notes

Levels and vault maps discovered:
D:1:      grunt_arrival_lava_bath, layout_loops_ring
D:2:      layout_basic, uniq_terence
D:3:      layout_basic, minmay_misc_feat_x, minmay_divided_ellipse, uniq_ijyb
D:4:      layout_rooms, minmay_temple_entry_slanted, serial_bayou_pond_c
D:5:      layout_gridville
Temple:   dpeg_three_leaves_temple

Skill      XL: |  1  2  3  4  5  6 |
---------------+-------------------+-----
Poison Magic   | 4 5 |  5.1
Fire Magic     | 2 3 |  3.0
Spellcasting   | 3 4 |  4.9
Transmutations | 2 |  2.1
Fighting       | |  0.2
Dodging        | |  2.0
Stealth        | |  2.6

Action                   |  1- 3 |  4- 6 |  7- 9 || total
-------------------------+-------+-------+-------++-------
Melee: Unarmed           |    37 |    45 |       ||    82
       Constrict         |    14 |    19 |       ||    33
       Tentacles         |     7 |     8 |       ||    15
       Club              |       |     7 |       ||     7
 Cast: Sting             |    53 |   114 |       ||   167
       Olgreb's Toxic Ra |       |     1 |     1 ||     2
       Ignite Poison     |       |     1 |       ||     1
  Use: Potion            |       |     1 |       ||     1
 Stab: Sleeping          |     1 |       |       ||     1
Armor: Skin              |     2 |    11 |       ||    13
Dodge: Dodged            |    26 |    59 |       ||    85
